 Dungeon Crawl Stone Soup version 0.31-a0-18-gea43df2a32 (webtiles) character file.

Game seed: 6892005832599648124

43 sircluck the Sneak (level 3, 0/22 HPs)
             Began as a Kobold Brigand on May 9, 2023.
             Slain by Sigmund
             ... wielding a +0 scythe
              (10 damage)
             ... on level 2 of the Dungeon.
             The game lasted 00:02:06 (1128 turns).

sircluck the Sneak (Kobold Brigand)                 Turns: 1128, Time: 00:02:06

Health: 0/22       AC:  4    Str:  8    XL:     3   Next: 82%
Magic:  3/3        EV: 14    Int: 12    God:
Gold:   55         SH:  0    Dex: 18    Spells: 2/2 levels left

rFire   . . .        a - +2 dagger
rCold   . . .        (no shield)
rNeg    . . .        b - +0 robe
rPois   .            g - +0 helmet
rElec   .            c - +0 cloak
rCorr   .            (no gloves)
SInv    .            (no boots)
Will    .....        (no amulet)
Stlth   +++++        (no ring)
HPRegen 0.23/turn    (no ring)
MPRegen 0.08/turn

%: no passive effects
@: no status effects
A: small, no large weapons, nightstalker 3
a: no special abilities


You were on level 2 of the Dungeon.
You visited 1 branch of the dungeon, and saw 2 of its levels.

You collected 55 gold pieces.

Inventory:

Hand Weapons
 a - a +2 dagger (weapon)
Missiles
 d - 5 poisoned darts (quivered)
 e - 2 curare-tipped darts
 n - 12 stones
 p - 5 boomerangs
Armour
 b - a +0 robe (worn)
 c - a +0 cloak (worn)
 g - a +0 helmet (worn)
Jewellery
 o - a ring of protection from fire
Scrolls
 f - 3 scrolls of teleportation {unknown}
 i - a scroll of fear {unknown}
 m - a scroll of amnesia {unknown}
 q - a scroll of brand weapon {unknown}
Potions
 h - a potion of ambrosia {unknown}
 j - a potion of brilliance {unknown}
 k - a potion of heal wounds {unknown}
 l - a potion of resistance {unknown}


   Skills:
 + Level 2.3 Fighting
 + Level 3.3 Short Blades
 + Level 2.4 Throwing
 + Level 1.4 Dodging
 + Level 6.5 Stealth


You had 2 spell levels left.
You didn't know any spells.
Your spell library contained the following spells:

 Spells                   Type           Power      Damage    Failure   Level
 Blink                    Tloc           0%         N/A       45%         2
 Lesser Beckoning         Tloc           0%         N/A       45%         2
 Momentum Strike          Conj/Tloc      0%         3d8       45%         2


Dungeon Overview and Level Annotations

Branches:
Dungeon (2/15)

Altars:

Shops:
D:1 *=??   D:2 =

Annotations:
D:2 Sigmund


Innate Abilities, Weirdness & Mutations

You are small and have problems with some larger weapons.
You are completely attuned to the shadows.


Message History

Sigmund shouts!
Sigmund says, "I'm your fate." Sigmund casts a spell at you.
You resist with significant effort.
Sigmund is nearby!
An endoplasm comes into view.
Sigmund casts a spell at you. You resist with significant effort.
There are monsters nearby!
There are monsters nearby!
You closely miss Sigmund. Sigmund closely misses you.
There are monsters nearby!
You barely miss Sigmund. You hit Sigmund but do no damage.
Sigmund closely misses you.
The endoplasm hits you but does no damage.
You hit Sigmund but do no damage. The endoplasm freezes you.
You are frozen.
Sigmund hits you with a +0 scythe.
You hit the endoplasm.
The endoplasm is moderately wounded.
You hit the endoplasm.
The endoplasm is heavily wounded.
The endoplasm freezes you.
You are frozen.
Sigmund points at you and mumbles some strange words.
You resist with significant effort.
You hit the endoplasm.
You kill the endoplasm!
Sigmund hits you with a +0 scythe.
You hit Sigmund.
Sigmund is lightly wounded.
You hit Sigmund.
Sigmund is moderately wounded.
Sigmund barely misses you.
You hit Sigmund.
Sigmund is moderately wounded.
You barely miss Sigmund.
Sigmund is moderately wounded.
Sigmund hits you with a +0 scythe!
You die...

#.......#
#.......#
#.......#
.#.......#
#...........#
#.......#####
#.......#
#.@.....#
#..@....#
#.......#
#.......#
#.......#
........#
#.......#
..######


You could see Sigmund.

Vanquished Creatures
  A worm (D:2)
  4 endoplasms
  3 giant cockroaches
  A goblin (D:1)
  3 hobgoblins
  5 jackals
  A quokka (D:2)
  3 ball pythons
  3 bats
  4 frilled lizards
  3 kobolds
  5 rats
36 creatures vanquished.

Notes
Turn   | Place    | Note
-------+----------+-------------------------------------------
     0 | D:1      | sircluck the Kobold Brigand began the quest for the Orb.
     0 | D:1      | Reached XP level 1. HP: 12/12 MP: 1/1
    99 | D:1      | Reached XP level 2. HP: 17/17 MP: 2/2
   114 | D:1      | Found Kelat's Jewellery Boutique.
   122 | D:1      | Found Utigur's Magic Scroll Boutique.
   167 | D:1      | Found a transporter.
   291 | D:1      | Reached skill level 6 in Stealth
   379 | D:1      | Found Ojosmiph's General Store.
   518 | D:1      | Found a transporter.
   656 | D:1      | Found Qoanubuawn's Magic Scroll Shop.
   767 | D:2      | Reached XP level 3. HP: 14/21 MP: 3/3
   908 | D:2      | Found a faded altar of an unknown god.
   988 | D:2      | Found Jeikkull's Jewellery Boutique.
  1115 | D:2      | Noticed Sigmund
  1128 | D:2      | Slain by Sigmund

Illustrated notes

Levels and vault maps discovered:
D:1:      evilmike_arrival_crescent, layout_rooms, serial_shops, shop,
          nicolae_shop_drivethru, nicolae_shop_trees, shop, minmay_tetromino_o4
D:2:      layout_basic, serial_shops, shop,
          chequers_ecumenical_altar_simple_redux, minmay_split_cup_small,
          uniq_sigmund, uniq_jessica

Skill      XL: |  1  2 |
---------------+-------+-----
Short Blades   | 3 |  3.3
Stealth        | 6 |  6.5
Fighting       | |  2.3
Throwing       | |  2.4
Dodging        | |  1.4

Action                     || total
---------------------------++-------
  Melee: Dagger            ||    74
         Punch             ||     1
  Throw: Dart              ||    37
   Stab: Sleeping          ||    15
 Armour: Robe              ||    17
  Dodge: Dodged            ||    66

Table legend: (Time is in decaauts)
 A = Elapsed time spent in this place.
 B = Non-inter-level travel time spent in this place.
 C = Inter-level travel time spent in this place.
 D = Time resting spent in this place.
 E = Time spent auto-exploring this place.
 F = Levels seen in this place.
 G = Mean time per level.
                   A        B        C        D        E       F      G
               +--------+--------+--------+--------+--------+-----+--------+
         Total |   1115 |    952 |    163 |      0 |    718 |   2 |  557.5 |
       Dungeon |   1115 |    952 |    163 |      0 |    718 |   2 |  557.5 |
               +--------+--------+--------+--------+--------+-----+--------+

Top non-repeatable levels by time:
     D:1: 753 daAuts
     D:2: 362 daAuts
